 Dungeon Crawl Stone Soup version 0.16.1-51-g6203257 (webtiles) character file.

568 Jinxed the Covert (level 7, -2/36 HPs)
             Began as a Spriggan Assassin on Aug 8, 2015.
             Was a Follower of Dithmenos.
             Splashed by a jelly's acid (8 damage)
             ... on level 5 of the Dungeon.
             The game lasted 00:18:06 (5792 turns).

Jinxed the Covert (Spriggan Assassin)               Turns: 5792, Time: 00:18:06

Health: -2/36      AC: -7    Str:  7    XL:     7   Next: 11%
Magic:  14/14      EV: 19    Int: 12    God:    Dithmenos [*.....]
Gold:   202        SH:  0    Dex: 20    Spells: 0 memorised, 6 levels left

rFire  . . .     SeeInvis +     a - +1 dagger (venom)
rCold  . . .     Clarity  .     c - +0 robe
rNeg   + . .     SustAb   .     (shield restricted)
rPois  .         Gourm    .     (helmet restricted)
rElec  .         Spirit   .     d - +0 cloak
rCorr  .         Warding  .     (gloves unavailable)
rMut   .         Stasis   .     (boots unavailable)
MR     +....                    (no amulet)
Stlth  ++++++....               (no ring)
                                l - ring of positive energy

@: corroded equipment, wreathed by umbra, very quick, somewhat resistant to
hostile enchantments, very stealthy
A: unfitting armour, see invisible, herbivore 3, speed 3, slow metabolism 2
a: Renounce Religion


You were on level 5 of the Dungeon.
You worshipped Dithmenos.
Dithmenos was aware of your devotion.
You were very hungry.

You visited 2 branches of the dungeon, and saw 6 of its levels.

You collected 202 gold pieces.

Inventory:

Hand weapons
 a - a +1 dagger of venom (weapon)
 b - a +0 blowgun
Missiles
 e - 16 poisoned needles
 f - 3 curare-tipped needles
Armour
 c - a +0 robe (worn)
 d - a +0 cloak (worn)
Jewellery
 l - a ring of positive energy (left hand)
Scrolls
 h - a scroll of remove curse
 i - a scroll of enchant weapon {unknown}
 k - 2 scrolls of amnesia {unknown}
 r - 3 scrolls of magic mapping {unknown}
 s - a scroll of recharging {unknown}
 t - 3 scrolls of identify
 u - 2 scrolls of teleportation {unknown}
 v - a scroll of random uselessness {unknown}
 y - a scroll of fear {unknown}
Potions
 j - 2 potions of resistance {unknown}
 m - 4 potions of lignification {unknown}
 n - a potion of brilliance {unknown}
 o - 2 potions of restore abilities {unknown}
 p - a potion of flight {unknown}
 q - a potion of might {unknown}
 w - 3 potions of poison {unknown}
 x - a potion of magic {unknown}
 z - a potion of cure mutation {unknown}
 A - a potion of curing {unknown}
 B - a potion of haste
Comestibles
 g - 6 bread rations


   Skills:
 + Level 3.1 Fighting
 + Level 4.2 Short Blades
 - Level 2.9 Throwing
 - Level 3.5 Dodging
 * Level 9.8 Stealth


You had 6 spell levels left.
You didn't know any spells.

Dungeon Overview and Level Annotations

Branches:
Dungeon (5/15)             Temple (1/1) D:4

Altars:
Dithmenos
Fedhas
Nemelex Xobeh
Okawaru
Ru
Vehumet
Xom

Shops:
D:5 *

Annotations:
D:4 krupnik16's ghost, experienced HOFi


Innate Abilities, Weirdness & Mutations

You are tiny and cannot use many weapons and most armour.
You have supernaturally acute eyesight.
You are a herbivore.
You cover ground extremely quickly.
You need consume almost no food.


Message History

The jelly is moderately wounded.
The jelly barely misses you.
You completely miss the jelly.
The jelly is moderately wounded.
The jelly hits you but does no damage.
The jelly quivers.
You hit the jelly.
The jelly is heavily wounded.
The jelly completely misses you.
You hit the jelly.
The jelly is heavily wounded.
You hit the jelly. The acid corrodes your equipment!
The jelly is heavily wounded.
The jelly misses you.
You hit the jelly.
The jelly is severely wounded.
The jelly hits you.
* * * LOW HITPOINT WARNING * * *
You are splashed with acid!
The acid corrodes your equipment!
The acid burns!
You die...

##......## #......##
##..##..## #.. ##..#
# ### ##.# # #.# #
#J# #
#######J####### #
.........@.....# #
#######.......#####
####
#...........####...
#.......###....รท...
#.......# ######...
#.....).# #...
#.......# ####
#.......# #########


You could see 2 jellies.

Vanquished Creatures
  An ogre (D:5)
  Duvessa (D:5)
  2 crimson imps
  Dowan (D:5)
  2 hounds
  2 orc wizards
  2 worker ants
  A hound skeleton (D:4)
  2 adders
  A giant mite (D:5)
  2 worms (D:4)
  5 giant geckos
  An ooze (D:1)
  7 orcs
  4 giant cockroaches (D:1)
  16 goblins
  10 hobgoblins
  13 jackals
  9 kobolds
  A quokka (D:4)
  A ball python skeleton (D:5)
  2 bats (D:1)
  5 giant newts
  7 rats
98 creatures vanquished.

Notes
Turn   | Place    | Note
--------------------------------------------------------------
     0 | D:1      | Jinxed, the Spriggan Assassin, began the quest for the Orb.
     0 | D:1      | Reached XP level 1. HP: 10/10 MP: 2/2
    44 | D:1      | Reached skill level 6 in Stealth
   307 | D:1      | Reached XP level 2. HP: 4/14 MP: 4/4
   889 | D:1      | Reached XP level 3. HP: 18/18 MP: 6/6
  1192 | D:2      | Found a blossoming altar of Fedhas.
  1261 | D:2      | Found a shimmering altar of Xom.
  1970 | D:3      | Reached XP level 4. HP: 23/23 MP: 8/8
  2964 | D:3      | Found a sacrificial altar of Ru.
  2967 | D:3      | Reached skill level 7 in Stealth
  3144 | D:3      | Reached XP level 5. HP: 24/26 MP: 10/10
  3662 | D:4      | Found a shadowy altar of Dithmenos.
  3664 | D:4      | Noticed krupnik16's ghost (experienced HOFi)
  3762 | D:4      | Became a worshipper of Dithmenos the Shadowed
  3817 | D:4      | Reached skill level 8 in Stealth
  4363 | D:4      | Found a staircase to the Ecumenical Temple.
  4377 | Temple   | Entered the Ecumenical Temple
  4605 | D:4      | Reached XP level 6. HP: 26/32 MP: 12/12
  5143 | D:5      | Entered Level 5 of the Dungeon
  5143 | D:5      | Found Ruewn's Assorted Antiques.
  5144 | D:5      | Found a blossoming altar of Fedhas.
  5185 | D:5      | Noticed Duvessa
  5188 | D:5      | Noticed Dowan
  5207 | D:5      | Killed Duvessa
  5207 | D:5      | Reached skill level 9 in Stealth
  5214 | D:5      | Killed Dowan
  5661 | D:5      | Found a blossoming altar of Fedhas.
  5735 | D:5      | Reached XP level 7. HP: 21/36 MP: 14/14
  5792 | D:5      | Splashed by a jelly's acid

Action                   |  1- 3 |  4- 6 |  7- 9 || total
-------------------------+-------+-------+-------++-------
Melee: Dagger            |   160 |   359 |    17 ||   536
 Fire: Blowgun           |    13 |    44 |     3 ||    60
  Use: Scroll            |     3 |       |       ||     3
 Stab: Sleeping          |    11 |     9 |       ||    20
       Invisible         |       |     1 |       ||     1
       Distracted        |       |     1 |       ||     1
  Eat: Pizza             |       |     1 |       ||     1
